| TOP OF THE 1ST |
|
Kannapolis Intimidators batting - Pitching for Cedar Rapids Kernels : RHP Dean Huch
|
|
Pitching: RHP Dean Huch
|
|
|
Batting: RHB Sean Peake
|
0-0: Ball 1-0: Foul Ball, location: 2F 1-1: Ball 2-1: Ball 3-1: Foul Ball, location: 2F 3-2: Base on Balls
|
|
Batting: RHB Mike Warzecha
|
0-0: Called Strike Sean Peake steals 2nd base 0-1: Ball 1-1: Ball 2-1: Foul Ball, location: 2F 2-2: Ball 3-2: Ground out 4-3 (Groundball, 4M, EV 90.6 MPH) Sean Peake to third
|
|
Batting: RHB Mark Jones
|
0-0: SINGLE (Groundball, 4MD, EV 104.4 MPH) Sean Peake scores
|
|
Batting: RHB Nick Kleckner
|
0-0: Swinging Strike 0-1: Swinging Strike 0-2: Strikes out swinging
|
|
Batting: RHB Tatsunori Hayakawa
|
0-0: Ball 1-0: Ball 2-0: Called Strike 2-1: Foul Ball, location: 2F 2-2: Ground out 4-3 (Groundball, 34S, EV 84.4 MPH)
|
| Top of the 1st over - 1 run, 1 hit, 0 errors, 1 left on base; Kannapolis 1 - Cedar Rapids 0 |
| BOTTOM OF THE 1ST |
|
Cedar Rapids Kernels batting - Pitching for Kannapolis Intimidators : RHP Tony Holley
|
|
Pitching: RHP Tony Holley
|
|
|
Batting: LHB Brian Wagner
|
0-0: Ball 1-0: Foul Ball, location: 2F 1-1: Foul Ball, location: 2F 1-2: Strikes out looking
|
|
Batting: RHB David McDonald
|
0-0: Ball 1-0: Fly out, F7 (Flyball, 7D, EV 100.6 MPH)
|
|
Batting: LHB Kuemon Shishido
|
0-0: Ball 1-0: Called Strike 1-1: Called Strike 1-2: Fly out, F8 (Flyball, 8LM, EV 94.4 MPH)
|
| Bottom of the 1st over - 0 runs, 0 hits, 0 errors, 0 left on base; Kannapolis 1 - Cedar Rapids 0 |
| TOP OF THE 2ND |
|
Kannapolis Intimidators batting - Pitching for Cedar Rapids Kernels : RHP Dean Huch
|
|
Batting: RHB Armando Vazquez
|
0-0: Ball 1-0: Swinging Strike 1-1: Called Strike 1-2: Ground out 5-3 (Groundball, 56S, EV 82.5 MPH)
|
|
Batting: RHB Kyle Morse
|
0-0: Ball 1-0: Ball 2-0: Called Strike 2-1: Swinging Strike 2-2: Foul Ball, location: 2F 2-2: Strikes out swinging
|
|
Batting: RHB Jose Marquez
|
0-0: Ground out 1-3 (Groundball, 34S, EV 65.6 MPH)
|
| Top of the 2nd over - 0 runs, 0 hits, 0 errors, 0 left on base; Kannapolis 1 - Cedar Rapids 0 |
| BOTTOM OF THE 2ND |
|
Cedar Rapids Kernels batting - Pitching for Kannapolis Intimidators : RHP Tony Holley
|
|
Batting: LHB Shaun Price
|
0-0: Fly out, F7 (Flyball, 7S, EV 92.5 MPH)
|
|
Batting: RHB Steve Raine
|
0-0: Called Strike 0-1: Ball 1-1: Swinging Strike 1-2: Foul Ball, location: 2F 1-2: Ball 2-2: Strikes out swinging
|
|
Batting: RHB Nate Matson
|
0-0: Ball 1-0: Foul Ball, location: 2F 1-1: Ball 2-1: Foul Ball, location: 2F 2-2: Foul Ball, location: 2F 2-2: SINGLE (Flyball, 78S, EV 99.4 MPH)
|
|
Batting: LHB Marvin Shepherd
|
0-0: Called Strike 0-1: Ball 1-1: Foul Ball, location: 2F 1-2: Strikes out swinging
|
| Bottom of the 2nd over - 0 runs, 1 hit, 0 errors, 1 left on base; Kannapolis 1 - Cedar Rapids 0 |
| TOP OF THE 3RD |
|
Kannapolis Intimidators batting - Pitching for Cedar Rapids Kernels : RHP Dean Huch
|
|
Batting: RHB Dunlang Clark
|
0-0: Foul Ball, location: 2F 0-1: Foul Ball, location: 2F 0-2: Ball 1-2: Ball 2-2: Ground out 5-3 (Groundball, 5S, EV 70.6 MPH)
|
|
Batting: RHB Sean Peake
|
0-0: Ball 1-0: Called Strike 1-1: Ball 2-1: SOLO HOME RUN (Flyball, 9D, EV 99.4 MPH), Distance : 386 ft
|
|
Batting: RHB Mike Warzecha
|
0-0: Ball 1-0: Foul Ball, location: 2F 1-1: Ball 2-1: Foul Ball, location: 2F 2-2: Ball 3-2: Foul Ball, location: 2F 3-2: Base on Balls
|
|
Batting: RHB Mark Jones
|
0-0: Ball Mike Warzecha steals 2nd base 1-0: SINGLE (Groundball, 56D, EV 109.4 MPH) Mike Warzecha to third Runner from 3rd tries for Home, SAFE, throw by LF to home
|
|
Batting: RHB Nick Kleckner
|
Pickoff Throw to First - Out! 1-3 0-0: Called Strike 0-1: Ball 1-1: Called Strike 1-2: Ball 2-2: Ball 3-2: SINGLE (Groundball, 3D, EV 108.8 MPH)
|
|
Batting: RHB Tatsunori Hayakawa
|
0-0: Foul Ball, location: 2F 0-1: Ball 1-1: Ball 2-1: 2-RUN HOME RUN (Flyball, 9D, EV 100.0 MPH), Distance : 392 ft
|
|
Pitching: RHP Scot Abbott
|
|
|
Batting: RHB Armando Vazquez
|
0-0: Foul Ball, location: 2F 0-1: Called Strike 0-2: Ball 1-2: Foul Ball, location: 2F 1-2: Ground out 6-3 (Groundball, 6M, EV 85.0 MPH)
|
| Top of the 3rd over - 4 runs, 4 hits, 0 errors, 0 left on base; Kannapolis 5 - Cedar Rapids 0 |
| BOTTOM OF THE 3RD |
|
Cedar Rapids Kernels batting - Pitching for Kannapolis Intimidators : RHP Tony Holley
|
|
Batting: RHB Tim Carter
|
0-0: Ball 1-0: Called Strike 1-1: Ball 2-1: Ball 3-1: Ground out 3-1 (Groundball, 34S, EV 89.4 MPH)
|
|
Batting: RHB Antonio Santos
|
0-0: Ball 1-0: SINGLE (Line Drive, 7S, EV 103.8 MPH)
|
|
Batting: LHB Brian Wagner
|
0-0: Called Strike 0-1: 2-RUN HOME RUN (Flyball, 89XD, EV 98.1 MPH), Distance : 412 ft
|
|
Batting: RHB David McDonald
|
0-0: Ball 1-0: Called Strike 1-1: Swinging Strike 1-2: Ball 2-2: Foul Ball, location: 2F 2-2: Foul Ball, location: 2F 2-2: Strikes out swinging
|
|
Batting: LHB Kuemon Shishido
|
0-0: Ball 1-0: Foul Ball, location: 2F 1-1: Ground out U3 (Groundball, 3L, EV 85.6 MPH)
|
| Bottom of the 3rd over - 2 runs, 2 hits, 0 errors, 0 left on base; Kannapolis 5 - Cedar Rapids 2 |
| TOP OF THE 4TH |
|
Kannapolis Intimidators batting - Pitching for Cedar Rapids Kernels : RHP Scot Abbott
|
|
Batting: RHB Kyle Morse
|
0-0: Ball 1-0: Foul Ball, location: 2F 1-1: Swinging Strike 1-2: Ball 2-2: Ball 3-2: Strikes out swinging
|
|
Batting: RHB Jose Marquez
|
0-0: Called Strike 0-1: Swinging Strike 0-2: Ball 1-2: Foul Ball, location: 2F 1-2: Foul Ball, location: 2F 1-2: Ball 2-2: Ball 3-2: Strikes out swinging
|
|
Batting: RHB Dunlang Clark
|
0-0: Foul Ball, location: 2F 0-1: Fly out, F8 (Flyball, 8RD, EV 101.2 MPH)
|
| Top of the 4th over - 0 runs, 0 hits, 0 errors, 0 left on base; Kannapolis 5 - Cedar Rapids 2 |
| BOTTOM OF THE 4TH |
|
Cedar Rapids Kernels batting - Pitching for Kannapolis Intimidators : RHP Tony Holley
|
|
Batting: LHB Shaun Price
|
0-0: SINGLE (Line Drive, 9S, EV 93.1 MPH)
|
|
Batting: RHB Steve Raine
|
0-0: Swinging Strike 0-1: Foul Ball, location: 2F 0-2: Foul Ball, location: 2F 0-2: Strikes out swinging
|
|
Batting: RHB Nate Matson
|
0-0: DOUBLE (Line Drive, 89D, EV 104.4 MPH) Shaun Price to third Runner from 3rd tries for Home, SAFE, no throw by CF
|
|
Batting: LHB Marvin Shepherd
|
0-0: SINGLE (Groundball, 34D, EV 105.6 MPH) Nate Matson to third
|
|
Batting: RHB Tim Carter
|
0-0: Called Strike 0-1: Called Strike 0-2: Fielders Choice at 2nd, 1-4 (Groundball, 15S, EV 76.9 MPH)
|
|
Batting: RHB Antonio Santos
|
0-0: Ball 1-0: Fly out, F4 (Flyball, 34D, EV 83.8 MPH)
|
| Bottom of the 4th over - 1 run, 3 hits, 0 errors, 2 left on base; Kannapolis 5 - Cedar Rapids 3 |
| TOP OF THE 5TH |
|
Kannapolis Intimidators batting - Pitching for Cedar Rapids Kernels : RHP Scot Abbott
|
|
Batting: RHB Sean Peake
|
0-0: Called Strike 0-1: Ball 1-1: Ground out 6-3 (Groundball, 56, EV 97.5 MPH)
|
|
Batting: RHB Mike Warzecha
|
0-0: Called Strike 0-1: Ball 1-1: Ball 2-1: Ball 3-1: Called Strike 3-2: Foul Ball, location: 2F 3-2: Foul Ball, location: 2F 3-2: Ground out 6-3 (Groundball, 6, EV 110.6 MPH)
|
|
Batting: RHB Mark Jones
|
0-0: Ball 1-0: Foul Ball, location: 2F 1-1: Ground out U3 (Groundball, 34S, EV 87.5 MPH)
|
| Top of the 5th over - 0 runs, 0 hits, 0 errors, 0 left on base; Kannapolis 5 - Cedar Rapids 3 |
| BOTTOM OF THE 5TH |
|
Cedar Rapids Kernels batting - Pitching for Kannapolis Intimidators : RHP Tony Holley
|
|
Batting: LHB Brian Wagner
|
0-0: Swinging Strike 0-1: Fly out, F8 (Flyball, 78D, EV 107.5 MPH)
|
|
Batting: RHB David McDonald
|
0-0: Called Strike 0-1: Ball 1-1: SINGLE (Line Drive, 78M, EV 91.9 MPH)
|
|
Batting: LHB Kuemon Shishido
|
0-0: Ball David McDonald is caught stealing 2nd base 2-6 1-0: Ball 2-0: Ball 3-0: Base on Balls
|
|
Batting: LHB Shaun Price
|
0-0: Ball 1-0: Swinging Strike 1-1: Ball 2-1: Ball 3-1: Base on Balls Kuemon Shishido to second
|
|
Batting: RHB Steve Raine
|
0-0: Called Strike 0-1: Foul Ball, location: 2F 0-2: Ball 1-2: Foul Ball, location: 2F 1-2: Ball 2-2: Foul Ball, location: 2F 2-2: SINGLE (Groundball, 34D, EV 107.5 MPH) Kuemon Shishido to third Shaun Price to second
|
|
Batting: RHB Nate Matson
|
0-0: Ball 1-0: Ball 2-0: Ball 3-0: Base on Balls Kuemon Shishido scores Shaun Price to third Steve Raine to second
|
|
Batting: LHB Marvin Shepherd
|
0-0: Swinging Strike 0-1: Foul Ball, location: 2F 0-2: Strikes out swinging
|
| Bottom of the 5th over - 1 run, 2 hits, 0 errors, 3 left on base; Kannapolis 5 - Cedar Rapids 4 |
| TOP OF THE 6TH |
|
Kannapolis Intimidators batting - Pitching for Cedar Rapids Kernels : RHP Scot Abbott
|
|
Batting: RHB Nick Kleckner
|
0-0: Ball 1-0: Ball 2-0: Called Strike 2-1: DOUBLE (Groundball, 5L, EV 103.1 MPH)
|
|
Batting: RHB Tatsunori Hayakawa
|
0-0: Swinging Strike 0-1: Ball 1-1: Called Strike 1-2: Strikes out swinging
|
|
Pitching: RHP Bruce Wight
|
|
|
Batting: RHB Armando Vazquez
|
0-0: Called Strike 0-1: Ball 1-1: Ground out 6-3 (Groundball, 6S, EV 86.2 MPH)
|
|
Batting: RHB Kyle Morse
|
0-0: Foul Ball, location: 2F 0-1: Ball 1-1: Ball 2-1: Ball 3-1: Foul Ball, location: 2F 3-2: SINGLE (Groundball, 56S, EV 70.6 MPH) (infield hit) Nick Kleckner to third
|
|
Batting: RHB Jose Marquez
|
0-0: Foul Ball, location: 2F 0-1: Ball 1-1: Ball 2-1: Fly out, F5 (Popup, 5S, EV 80.6 MPH)
|
| Top of the 6th over - 0 runs, 2 hits, 0 errors, 2 left on base; Kannapolis 5 - Cedar Rapids 4 |
| BOTTOM OF THE 6TH |
|
Cedar Rapids Kernels batting - Pitching for Kannapolis Intimidators : RHP Tony Holley
|
|
Pitching: LHP Eric Larsen
|
|
|
Batting: RHB Tim Carter
|
0-0: Ground out 6-3 (Groundball, 6S, EV 64.4 MPH)
|
|
Batting: RHB Antonio Santos
|
0-0: Swinging Strike 0-1: Swinging Strike 0-2: Ball 1-2: Foul Ball, location: 2F 1-2: Ball 2-2: Strikes out swinging
|
|
Batting: LHB Brian Wagner
|
0-0: Foul Ball, location: 2F 0-1: Ball 1-1: Foul Ball, location: 2F 1-2: Strikes out swinging
|
| Bottom of the 6th over - 0 runs, 0 hits, 0 errors, 0 left on base; Kannapolis 5 - Cedar Rapids 4 |
| TOP OF THE 7TH |
|
Kannapolis Intimidators batting - Pitching for Cedar Rapids Kernels : RHP Bruce Wight
|
|
Batting: RHB Dunlang Clark
|
0-0: Ball 1-0: Ball 2-0: SINGLE (Groundball, 34D, EV 108.1 MPH)
|
|
Batting: RHB Sean Peake
|
0-0: Called Strike Dunlang Clark is caught stealing 2nd base 2-4 0-1: Ball 1-1: Foul Ball, location: 2F 1-2: Ball 2-2: Ground out 6-3 (Groundball, 6, EV 93.1 MPH)
|
|
Batting: RHB Mike Warzecha
|
0-0: SINGLE (Flyball, 8RM, EV 87.5 MPH)
|
|
Batting: RHB Mark Jones
|
0-0: Called Strike 0-1: Fly out, F7 (Flyball, 78S, EV 79.4 MPH)
|
| Top of the 7th over - 0 runs, 2 hits, 0 errors, 1 left on base; Kannapolis 5 - Cedar Rapids 4 |
| BOTTOM OF THE 7TH |
|
Cedar Rapids Kernels batting - Pitching for Kannapolis Intimidators : LHP Eric Larsen
|
|
Batting: RHB David McDonald
|
0-0: Called Strike 0-1: Ball 1-1: SINGLE (Line Drive, 3D, EV 102.5 MPH)
|
|
Batting: LHB Kuemon Shishido
|
0-0: Ball 1-0: Fielders Choice at 2nd, 5-4 (Groundball, 56S, EV 89.4 MPH)
|
|
Batting: LHB Shaun Price
|
0-0: Ball 1-0: Called Strike 1-1: Ball 2-1: Foul Ball, location: 2F 2-2: SINGLE (Groundball, 6D, EV 93.8 MPH) Kuemon Shishido to second
|
|
Pinch Runner at 2nd Andrew Rich:
|
|
|
Batting: RHB Steve Raine
|
0-0: Ball 1-0: Ball 2-0: Foul Ball, location: 2F 2-1: Foul Ball, location: 2F 2-2: Ball 3-2: Foul Ball, location: 2F 3-2: Base on Balls Andrew Rich to third Shaun Price to second
|
|
Batting: RHB Nate Matson
|
0-0: Ball 1-0: Called Strike 1-1: Called Strike 1-2: Ball 2-2: Foul Ball, location: 2F 2-2: Strikes out swinging
|
|
Pinch Hitting: RHB Kevin Harris
|
0-0: Ball 1-0: Foul Ball, location: 2F 1-1: Foul Ball, location: 2F 1-2: Ball 2-2: Ball 3-2: Strikes out swinging
|
| Bottom of the 7th over - 0 runs, 2 hits, 0 errors, 3 left on base; Kannapolis 5 - Cedar Rapids 4 |
| TOP OF THE 8TH |
|
Kannapolis Intimidators batting - Pitching for Cedar Rapids Kernels : RHP Bruce Wight
|
|
Now in LF: Dave Berry
|
|
|
Batting: RHB Nick Kleckner
|
0-0: Foul Ball, location: 2F 0-1: Ball 1-1: Foul Ball, location: 2F 1-2: Strikes out swinging
|
|
Batting: RHB Tatsunori Hayakawa
|
0-0: Called Strike 0-1: Ball 1-1: Ball 2-1: Ball 3-1: Base on Balls
|
|
Batting: RHB Armando Vazquez
|
0-0: Ball 1-0: Called Strike 1-1: Foul Ball, location: 2F 1-2: Fielders Choice at 2nd, 3-6 (Groundball, 3, EV 88.1 MPH)
|
|
Batting: RHB Kyle Morse
|
0-0: Fielders Choice at 2nd, 5-4 (Groundball, 56, EV 88.8 MPH)
|
| Top of the 8th over - 0 runs, 0 hits, 0 errors, 1 left on base; Kannapolis 5 - Cedar Rapids 4 |
| BOTTOM OF THE 8TH |
|
Cedar Rapids Kernels batting - Pitching for Kannapolis Intimidators : LHP Eric Larsen
|
|
Pitching: RHP Dicky Goedhart
|
|
|
Now in LF: Jose Castillo
|
|
|
Batting: RHB Tim Carter
|
0-0: Foul Ball, location: 2F 0-1: Ground out 6-3 (Groundball, 56, EV 79.4 MPH)
|
|
Batting: RHB Antonio Santos
|
0-0: Foul Ball, location: 2F 0-1: Ground out 6-3 (Groundball, 6, EV 91.2 MPH)
|
|
Batting: LHB Brian Wagner
|
0-0: Foul Ball, location: 2F 0-1: Ball 1-1: Foul Ball, location: 2F 1-2: Foul Ball, location: 2F 1-2: Hit by Pitch
|
|
Batting: RHB David McDonald
|
0-0: Called Strike 0-1: Called Strike 0-2: Ball 1-2: Strikes out swinging
|
| Bottom of the 8th over - 0 runs, 0 hits, 0 errors, 1 left on base; Kannapolis 5 - Cedar Rapids 4 |
| TOP OF THE 9TH |
|
Kannapolis Intimidators batting - Pitching for Cedar Rapids Kernels : RHP Bruce Wight
|
|
Pitching: RHP Dan Post
|
|
|
Batting: RHB Jose Marquez
|
0-0: Ball 1-0: Called Strike 1-1: Ground out 6-3 (Groundball, 6, EV 81.9 MPH)
|
|
Batting: RHB Dunlang Clark
|
0-0: Ball 1-0: Called Strike 1-1: Swinging Strike 1-2: Ground out 1-3 (Groundball, 34S, EV 64.4 MPH)
|
|
Batting: RHB Sean Peake
|
0-0: Ball 1-0: Called Strike 1-1: Ball 2-1: Called Strike 2-2: Strikes out looking
|
| Top of the 9th over - 0 runs, 0 hits, 0 errors, 0 left on base; Kannapolis 5 - Cedar Rapids 4 |
| BOTTOM OF THE 9TH |
|
Cedar Rapids Kernels batting - Pitching for Kannapolis Intimidators : RHP Dicky Goedhart
|
|
Pitching: RHP Chris Worster
|
|
|
Batting: RHB Andrew Rich
|
0-0: Ground out 6-3 (Groundball, 6S, EV 62.5 MPH)
|
|
Batting: LHB Shaun Price
|
0-0: Ball 1-0: Called Strike 1-1: Ground out 4-3 (Groundball, 34D, EV 105.6 MPH)
|
|
Batting: RHB Steve Raine
|
0-0: Called Strike 0-1: Fly out, F9 (Flyball, 89M, EV 84.4 MPH)
|
| Bottom of the 9th over - 0 runs, 0 hits, 0 errors, 0 left on base; Kannapolis 5 - Cedar Rapids 4 |
|